woodfighter, lawful female human Knight +-- |.... |..... - ---...... .}| |..........}--- |..........}}}| -------`...%.....}| ^ |.....|...(..@...}| |.[)..((....@a.}}}| |.).[)|(...@@@a}--- |).)*)|`....@@@}| |..-)----......}- |.(|....| ...} |..|..^.| --------- woodfighter the Sergeant Experience level: 12 Strength: 18/08 Dexterity: 17 Constitution: 17 Intelligence: 7 Wisdom: 15 Charisma: 19 Health: 0(85) Energy: 100(100) Def: 19 Gold: 0 Moves: 18581 Dungeon seed: Su1_luV9OmG3V__O Game ID: woodfighter_1510680640 Your Inventory: Amulets v - an uncursed amulet of reflection (being worn) Weapons a - the blessed rustproof +3 Excalibur (weapon in hand) i - 51 +0 crossbow bolts (in quiver) E - a +0 crossbow (alternate weapon; not wielded) Armor c - an uncursed rotted +0 pair of leather gloves n - an uncursed rusty +0 helmet (being worn) o - an uncursed +0 pair of jumping boots (being worn) r - an uncursed very burnt +0 elven shield (being worn) z - a blessed greased +0 gray dragon scale mail (being worn) D - an uncursed burnt +0 pair of leather gloves (being worn) N - a blessed +3 cloak of protection (being worn) Comestibles V - 2 uncursed food rations X - 2 uncursed K-rations Z - an uncursed lizard corpse Rings p - an uncursed ring of regeneration (on right hand) Wands d - a wand of sleep (0:3) f - a wand of digging (0:7) g - a wand of fire (0:2) h - a wand of teleportation (0:0) Tools q - a +0 unicorn horn s - an uncursed bag of holding w - an uncursed magic whistle y - an uncursed skeleton key U - an uncursed brass lantern (lit) (0:1179) W - an uncursed blindfold Gems e - an uncursed luckstone Contents of the bag of holding: an uncursed +1 mummy wrapping an uncursed eucalyptus leaf an uncursed ring of levitation an uncursed can of grease [0:1] an uncursed [+0] pick-axe an uncursed [+0] unicorn horn Spells and supernatural/magical abilities: Name Level Category Fail Memory m - magic missile 2 attack 100% 99% W - pray for help -- divine ? -- X - turn undead -- divine ? -- Y - supernatural jump -- ability ? -- Your skills at the end: Miscellaneous Skills shield [Skilled] wands [Basic] riding [Basic] Weapon Skills long sword [Expert] polearms [Basic] Spellcasting Skills Final Attributes: You had strayed. You were cold resistant. You were poison resistant. You were level-drain resistant. You were magic-protected. Your writing hand was ok. You saw invisible. You were telepathic. You had automatic searching. You were invisible to others. You were stealthy. You could jump. You regenerated. You were protected. You were fast. You had reflection. You were lucky. You had extra luck. Bad luck did not time out for you. Good luck did not time out for you. You are dead. Vanquished creatures: a green dragon a young white dragon a titanothere a trapper a vampire lord 2 captains a nurse 2 Aleaxes 3 ghosts an ettin 5 lieutenants a queen bee a winged gargoyle 2 giant mimics an ogre king a large mimic 5 long worms a couatl 4 stalkers an air elemental a hill giant a giant mummy a xorn 7 sergeants 5 wargs a winter wolf a quantum mechanic 2 small mimics 2 ettin mummies an ogre lord a wood golem an erinys an electric eel 4 freezing spheres 2 flaming spheres a shocking sphere a large cat a tengu an ochre jelly 2 leocrottas 3 mountain centaurs 2 elf mummies 2 human mummies a red naga 4 Grey-elves a python a cobra a wraith 2 ettin zombies a leather golem 26 soldiers 2 succubi an incubus 2 giant beetles 3 cockatrices 3 wolves 6 winter wolf cubs a black light a panther 2 leprechauns 2 quivering blobs a spotted jelly a lizard 3 orc-captains a mumak 3 giant spiders a horse 3 vampire bats a forest centaur 4 gnome kings 2 dwarf mummies 4 ogres a brown pudding a Green-elf 4 owlbears 2 yetis a gold golem 4 piranhas 2 giant eels 2 dingos a jaguar 2 dwarf lords 2 blue jellies a gray unicorn 2 black unicorns 3 dust vortices 2 ravens 4 plains centaurs 2 gnome mummies 3 Woodland-elves a snake 4 apes 5 human zombies 2 rope golems 5 soldier ants a fire ant 5 yellow lights 10 bugbears 4 wood nymphs 20 Mordor orcs 8 Uruk-hai 3 orc shamans a rock mole 4 rock piercers 5 ponies 2 fog clouds 2 shriekers 3 violet fungi 20 gnome lords 3 gnomish wizards 3 kobold mummies a black naga hatchling 5 gray oozes 8 elf zombies 2 ghouls 3 straw golems a paper golem 19 giant ants 11 floating eyes a kitten 13 dwarves a homunculus 12 quasits a kobold lord 2 kobold shamans 6 iguanas 11 hill orcs 11 rothes 5 rabid rats a centipede 7 jitterbugs 6 giant bats a monkey 3 orc zombies 9 dwarf zombies 3 werejackals 43 killer bees 11 coyotes 3 gas spores 7 hobbits 5 acid blobs 4 large kobolds 8 geckos 14 hobgoblins 12 giant rats 8 cave spiders 6 brown molds 10 yellow molds 2 green molds 2 red molds 60 gnomes 6 garter snakes 3 gnome zombies 14 jackals 2 foxes 3 kobolds 15 newts 6 goblins 4 sewer rats 2 grid bugs 6 bats 11 lichens 4 kobold zombies 728 creatures vanquished. Genocided species: island nymphs disenchanters 2 species genocided. Voluntary challenges: You did not cause conflict. You were not displaced. You used a wielded weapon 995 times, starting on turn 85. You did not use sinks. You read items or engraved 11 times, starting on turn 2915. You genocided 2 types of monsters, starting on turn 14166. You never polymorphed an object. You never changed form. You completed Sokoban on turn 6078, according to the rules. You used 1 wish, starting on turn 14511. You did not wish for any artifacts. You never split a pudding. You never wrote Elbereth's name. You violated the code of chivalry, losing 32 points of alignment, starting on turn 85. Dungeon overview: The Dungeons of Doom: levels 1 to 23 Level 1 some fountains a long staircase Level 2 (vault) an armor shop stairs to The Gnomish Mines Level 3 a general store, an altar to Brigit, some fountains Level 4 (box) a fountain, a sink Level 5 Level 6 many fountains Level 7 a fountain stairs to Sokoban Level 8 a fountain Level 9 (water) Level 10 a fountain Level 11 a fountain Level 12 a fountain Level 13 a fountain portal to The Quest Level 14 an altar to Lugh, a fountain Level 15 (big room) Level 16 Level 17 (white u) Level 18 portal to Fort Ludios Level 19 (vault) an altar to Manannan Mac Lir, a fountain Level 20 (vault) Level 21 some fountains Level 22 (white unicorn) Level 23 (medusa) many trees The Gnomish Mines: levels 3 to 10 Level 3 stairs to The Dungeons of Doom Level 4 Level 5 Level 6 many shops, a temple to Brigit, a magic chest, some fountains, some trees Level 7 Level 8 Level 9 Level 10 a magic chest, some fountains The Quest: Level 1 a magic chest, a throne portal to The Dungeons of Doom Sokoban: levels 3 to 6 Level 3 a magic chest Level 4 a delicatessen, a magic chest Level 5 Level 6 an altar to Lugh, a magic chest stairs to The Dungeons of Doom Fort Ludios: Level 1 <- You were here portal to The Dungeons of Doom History has recorded: On T:1 you entered the Dungeons of Doom to retrieve the Amulet of Yendor! On T:227 you reached level 2 of The Dungeons of Doom. On T:401 you reached level 1 of The Gnomish Mines. On T:592 you reached level 3 of The Dungeons of Doom. On T:774 you advanced to experience level 2. On T:809 you reached level 4 of The Dungeons of Doom. On T:1224 you reached level 5 of The Dungeons of Doom. On T:1345 you advanced to experience level 3. On T:1348 you advanced to experience level 4. On T:1942 you reached level 6 of The Dungeons of Doom. On T:2078 you advanced to experience level 5. On T:2483 you advanced to experience level 6. On T:2748 you reached level 7 of The Dungeons of Doom. On T:2792 you reached level 4 of Sokoban. On T:2912 you opened a magic chest. On T:3487 you reached level 8 of The Dungeons of Doom. On T:3921 you reached level 3 of Sokoban. On T:4260 you reached level 2 of Sokoban. On T:4687 you reached level 1 of Sokoban. On T:4710 you advanced to experience level 7. On T:6078 you advanced to experience level 8. On T:6078 you entered the Sokoban zoo. On T:6573 you reached level 2 of The Gnomish Mines. On T:6978 you reached level 3 of The Gnomish Mines. On T:7464 you reached level 6 of The Gnomish Mines. On T:7537 you reached level 5 of The Gnomish Mines. On T:7591 you reached level 4 of The Gnomish Mines. On T:7877 you advanced to experience level 9. On T:7893 you entered the Minetown temple On T:8417 you reached level 7 of The Gnomish Mines. On T:8810 you reached level 8 of The Gnomish Mines. On T:8810 you reached the bottom of the Mines. On T:11076 you reached level 9 of The Dungeons of Doom. On T:11374 you reached level 10 of The Dungeons of Doom. On T:11747 you reached level 11 of The Dungeons of Doom. On T:11909 you advanced to experience level 10. On T:12033 you reached level 12 of The Dungeons of Doom. On T:12144 you reached level 13 of The Dungeons of Doom. On T:12386 you reached level 1 of The Quest. On T:12613 you reached level 14 of The Dungeons of Doom. On T:13042 you reached level 15 of The Dungeons of Doom. On T:13503 you reached level 16 of The Dungeons of Doom. On T:13503 you entered the Rogue tribute level. On T:13922 you reached level 17 of The Dungeons of Doom. On T:14092 you reached level 18 of The Dungeons of Doom. On T:14154 you advanced to experience level 11. On T:14401 you reached level 19 of The Dungeons of Doom. On T:14511 you wished for "+3 blessed fixed greased gray dragon scale mail". On T:14581 you reached Fort Ludios. On T:14737 you reached level 20 of The Dungeons of Doom. On T:15062 you reached level 21 of The Dungeons of Doom. On T:15388 you reached level 22 of The Dungeons of Doom. On T:15775 you reached level 23 of The Dungeons of Doom. On T:17706 you advanced to experience level 12. On T:18581 you prayed to Lugh. Score breakdown: Gold: 0 ( 0 points) Experience: 12 levels ( 1100 points) Exploration: 23 levels ( 660 points) Discoveries: 48 items ( 2000 points) Variety of kills: 163 monsters ( 2000 points) Major goal: Sokoban/Mines ( 1500 points) Survival: died (score multiplied by 3) Total score: 21780 Latest messages: Something misses. Something stings! (2x) Something misses. (6x) Something stings! Something just misses! Something misses. Something stabs you! Something jabs you! Something stings! Something misses. (10x) Something jabs you! Something misses. (2x) Something jabs you! Something misses. (2x) Something jabs you! The combat suddenly awakens you. A mysterious force prevents you from teleporting! The killer bee stings! The killer bee misses. You begin praying to Lugh. The killer bee misses. (2x) The soldier thrusts one of her spears at you. The soldier jabs you! You die... Final status: Fare thee well woodfighter the Knight, killed by a soldier, while praying... You died in Fort Ludios with 21780 points, and 0 pieces of gold, after 18581 moves. You were level 12 with a maximum of 85 hit points when you died.